 Dungeon Crawl Stone Soup version 0.31-a0-1147-g46bab52692 (webtiles) character file.

Game seed: 7415736463692822654

26903 Malachi the Covert (level 13, -9/69 HPs)
             Began as a Felid Shapeshifter on Dec 7, 2023.
             Was the Champion of Ashenzari.
             Mangled by a slime creature (14 damage)
             ... on level 12 of the Dungeon.
             The game lasted 00:35:22 (17262 turns).

Malachi the Covert (Felid Shapeshifter)            Turns: 17262, Time: 00:35:23

Health: -9/69      AC:  7    Str: 10    XL:     13   Next: 1%
Magic:  0/14       EV: 32    Int: 15    God:    Ashenzari [******]
Gold:   1104       SH:  0    Dex: 28    Spells: 12/12 levels left
                                        Lives:  0   Deaths: 4

rFire   . .          .
                       - Unarmed
rCold   + . .        (shield unavailable)
rNeg    . . .        (body armour unavailable)
rPois   .            (helmet unavailable)
rElec   +            (cloak unavailable)
rCorr   .            (gloves unavailable)
SInv    +            (boots unavailable)
Will    ++...        e - amulet "Shattered With Me" {Spirit, Dev, Cun} (curse)
Stlth   ++++++++     o - ring "Ruined Together" {AC+4, Bglg, Comp} (curse)
HPRegen 0.31/turn    w - ring "Chained Atheism" {*Slow rElec Will+ Dex+8 Stlth+, Elem, Dev} (curse)
MPRegen 0.14/turn

%: slow self (1%), clarity, guardian spirit
@: blade hands
A: very small, (claws 1), fangs 3, see invisible, shaggy fur 3, (stealthy paws),
no weapons or thrown items, no armour, multi-lived
a: Begin Untransformation, Renounce Religion, Shatter the Chains


You were on level 12 of the Dungeon.
You worshipped Ashenzari.
Ashenzari was exalted by your worship.
You had blades for front paws.
You visited 3 branches of the dungeon, and saw 15 of its levels.
You also visited: Sewer.

You collected 1251 gold pieces.
You spent 147 gold pieces at shops.

Inventory:

Jewellery
 e - the cursed amulet "Shattered With Me" (around neck) {Spirit, Dev, Cun}
   (You found it on level 1 of the Dungeon)

   [amulet of guardian spirit]

   Spirit:    It causes incoming damage to be divided between your reserves of
   health and magic.
   It has a curse which improves the following skills: Devices: Evocations and
   Shapeshifting.
   Cunning:   Dodging and Stealth.
 j - an amulet of magic regeneration
 o - the cursed ring "Ruined Together" (left blade hand) {AC+4, Bglg, Comp}
   (You found it on level 4 of the Dungeon)

   [ring of protection]

   AC+4:      It affects your AC (+4).
   It has a curse which improves the following skills: Beguiling: Conjurations,
   Hexes and Translocations.
   Companions: Summonings and Necromancy.
 w - the cursed ring "Chained Atheism" (right blade hand) {*Slow rElec Will+ Dex+8 Stlth+, Elem, Dev}
   (You took it off a centaur on level 10 of the Dungeon)

   [ring of willpower]

   Dex+8:     It affects your dexterity (+8).
   rElec:     It insulates you from electricity.
   Will+:     It increases your willpower.
   *Slow:     It may slow you when you take damage.
   Stlth+:    It makes you more stealthy.
   It has a curse which improves the following skills: Elements: Fire Magic, Ice
   Magic, Air Magic and Earth Magic.
   Devices:   Evocations and Shapeshifting.
 x - a +6 ring of intelligence
Talismans
 b - a beast talisman
 c - a flux talisman
 y - a blade talisman (active)
Wands
 k - a wand of paralysis (6)
 m - a wand of polymorph (1)
 q - a wand of flame (42)
 r - a wand of mindburst (13)
 u - a wand of roots (3)
Scrolls
 a - a scroll of blinking
 d - a scroll of teleportation
 f - 3 scrolls of revelation
 i - a scroll of amnesia
 l - a scroll of silence
 n - 3 scrolls of immolation
 p - 3 scrolls of poison
 s - a scroll of vulnerability
 t - a scroll of torment
Potions
 g - 4 potions of attraction
 h - a potion of lignification


   Skills:
 - Level 8.3 Fighting
 + Level 9.3(11.8) Dodging
 + Level 14.1(16.4) Stealth
 + Level 13.7 Unarmed Combat
 - Level 3.5(6.6) Evocations
 + Level 8.6(12.2) Shapeshifting


You had 12 spell levels left.
You didn't know any spells.
Your spell library contained the following spells:

 Spells                   Type           Power      Damage    Failure   Level
 Summon Small Mammal      Summ           0%         N/A       24%         1
 Scorch                   Fire           0%         2d5       36%         2
 Static Discharge         Conj/Air       0%         3-3/arc   36%         2
 Call Canine Familiar     Summ           0%         N/A       58%         3
 Dazzling Flash           Conj/Hex       0%         N/A       58%         3
 Summon Guardian Golem    Hex/Summ       0%         N/A       58%         3
 Volatile Blastmotes      Fire/Tloc      0%         2d10      58%         3
 Airstrike                Air            0%         2d(0-16)  94%         4
 Flame Wave               Conj/Fire      0%         2d4       94%         4
 Summon Lightning Spire   Summ/Air       0%         N/A       94%         4
 Starburst                Conj/Fire      0%         6d3       100%        6
 Summon Cactus Giant      Summ           0%         N/A       100%        6
 Maxwell's Capacitive Co  Air            0%         ∞         100%        8


Dungeon Overview and Level Annotations

Branches:
Dungeon (12/15)            Temple (1/1) D:4            Lair (0/5) D:11
    Orc (2/2) D:11            Elf (0/3) Orc:2         Sewer (visited)

Altars:
Ashenzari
Cheibriados
Dithmenos
Elyvilon
Fedhas
Gozag
Hepliaklqana
Kikubaaqudgha
Makhleb
Nemelex Xobeh
Okawaru
Qazlal
Ru
Sif Muna
Trog
Uskayaw
Vehumet
Wu Jian
Xom
Yredelemnul
Zin
The Shining One

Shops:
D:11 [   Orc:2 :?((

Annotations:
D:6 Jeremiah
D:12 Jorgrun


Innate Abilities, Weirdness & Mutations

You have blades for front paws.
((You have sharp claws.))
You have razor-sharp teeth.
You have supernaturally acute eyesight. (SInv)
Your thick and shaggy fur keeps you warm. (AC +3, rC+)
((Your paws help you pounce on unaware monsters.))
You are incapable of wielding weapons or throwing items.
You cannot wear armour.
You gain extra lives every three experience levels.


Message History

You are too injured to fight recklessly!
Unknown command.
You are too injured to fight recklessly!
Unknown command.
You are too injured to fight recklessly!
Unknown command.
You are too injured to fight recklessly!
You hit the two-headed ogre.
The two-headed ogre is lightly wounded.
The slime creature barely misses you. The slime creature misses you.
The slime creature completely misses you.
You barely miss the two-headed ogre.
The two-headed ogre is lightly wounded.
The two-headed ogre closely misses you. The two-headed ogre misses you.
The slime creature completely misses you.
The slime creature closely misses you. The slime creature hits you!
* * * LOW HITPOINT WARNING * * *
The slime creature completely misses you.
You slash the two-headed ogre!
The two-headed ogre is lightly wounded.
The slime creature closely misses you.
You slash the two-headed ogre!
The two-headed ogre is heavily wounded.
The slime creature misses you.
The slime creature completely misses you.
The slime creature hits you!
* * * LOW HITPOINT WARNING * * *
The two-headed ogre closely misses you.
The two-headed ogre completely misses you.
The slime creature barely misses you.
You slice the two-headed ogre!! Your bite misses the two-headed ogre.
The two-headed ogre is almost dead.
The slime creature completely misses you.
The slime creature closely misses you. The slime creature misses you.
You slice the two-headed ogre!!
You kill the two-headed ogre!
The slime creature closely misses you. The slime creature hits you.
* * * LOW HITPOINT WARNING * * *
The slime creature hits you!
You die...

***********
,.........#**************
,..........,,,,,,,,,,,,,,
,........[#*#############
,..$......# #.....†......
,.........# #.........<#.
,.........########....†..
,......J)J+..............
,.....)J@.########.......
,......J........##.......
,.........#####........#.
,.........##...........##
*####.######...........#
+,,...,,,..............##
**###,***#..........(....
* *,* ##....{.#.##..##
*****,****#........###.#


You could see 4 slime creatures.

Vanquished Creatures
  A stone giant (Orc:2)
  Snorg (D:11)
  An ettin (D:11)
  2 two-headed ogres
  3 boulder beetles
  Urug (D:10)
  An orc high priest (Orc:2)
  9 orc knights
  3 orc sorcerers
  An ugly thing (D:12)
  5 cyclopes
  A gargoyle (D:12)
  A komodo dragon (D:11)
  7 trolls
  A hornet (D:9)
  10 saltlings (Orc:2)
  Grinder (D:5)
  Prince Ribbit (D:6)
  A slime creature (D:12)
  A vampire (D:11)
  A shadow (D:6)
  3 wyverns
  9 yaks
  2 basilisks (D:11)
  2 steam dragons
  2 wargs
  An acid dragon (D:10)
  A water moccasin (D:7)
  14 orc warriors
  A sky beast (D:6)
  2 ice beasts (D:8)
  8 ogres
  4 centaurs
  A kobold brigand (D:9)
  6 bullfrogs
  A gnoll sergeant (D:7)
  5 scorpions
  8 wights
  16 killer bees
  4 howler monkeys
  An iron imp (D:4)
  2 jellies (D:6)
  2 gnoll boudas
  11 orc priests
  5 hounds
  3 sleepcaps
  5 iguanas (D:5)
  11 orc wizards
  17 gnolls
  20 adders
  3 shadow imps
  A white imp (D:7)
  2 ufetubi (D:7)
  3 worms
  5 dart slugs
  55 orcs
  9 bats
  14 endoplasms
  9 giant cockroaches
  6 goblins
  5 hobgoblins
  9 jackals
  14 quokkas
  15 ball pythons
  5 frilled lizards
  9 kobolds
  4 rats
388 creatures vanquished.

Notes
Turn   | Place    | Note
-------+----------+-------------------------------------------
     0 | D:1      | Malachi the Felid Shapeshifter began the quest for the Orb.
     0 | D:1      | Reached XP level 1. HP: 10/10 MP: 2/2
   123 | D:1      | Reached XP level 2. HP: 14/14 MP: 3/3
  1272 | D:2      | Reached XP level 3. HP: 18/18 MP: 4/4
  1594 | D:2      | Reached skill level 1 in Stealth
  1902 | D:2      | Reached XP level 4. HP: 22/22 MP: 5/5
  2237 | D:3      | Found a glowing drain.
  2279 | Sewer    | Entered a sewer
  2635 | Sewer    | Reached skill level 2 in Stealth
  2665 | Sewer    | Reached XP level 5. HP: 17/26 MP: 4/6
  3236 | Sewer    | Reached skill level 3 in Stealth
  3236 | Sewer    | Reached skill level 5 in Unarmed Combat
  3236 | Sewer    | Gained mutation: You are covered in thick fur. (AC +2)
                  | [Felid growth]
  3236 | Sewer    | Reached XP level 6. HP: 10/32 MP: 1/7
  3430 | Sewer    | Identified the staff of Floods {*Slow rF++ Str+2 Dex+3
                  | Earth}
  3845 | D:4      | Slain by an orc wizard
  4160 | D:4      | Found a staircase to the Ecumenical Temple.
  4179 | Temple   | Entered the Ecumenical Temple
  4186 | Temple   | Became a worshipper of Ashenzari the Shackled
  4330 | D:4      | Found a basalt altar of Yredelemnul.
  4369 | D:4      | Reached skill level 4 in Stealth
  4369 | D:4      | Reached XP level 7. HP: 36/36 MP: 8/8
  4440 | D:4      | Found a snail-covered altar of Cheibriados.
  4636 | D:5      | Entered Level 5 of the Dungeon
  5090 | D:5      | Reached * piety under Ashenzari
  5090 | D:5      | Reached ** piety under Ashenzari
  5156 | D:5      | Reached skill level 5 in Stealth
  5220 | D:5      | Found an ancient bone altar of Kikubaaqudgha.
  5386 | D:5      | Reached *** piety under Ashenzari
  5386 | D:5      | Reached **** piety under Ashenzari
  5784 | D:6      | Noticed Jeremiah
  5813 | D:5      | Reached XP level 8. HP: 38/42 MP: 6/9
  5907 | D:6      | Noticed Grinder
  6043 | D:5      | Paralysed by Grinder for 4 turns
  6055 | D:5      | Killed Grinder
  6056 | D:5      | Reached skill level 6 in Stealth
  6405 | D:6      | Noticed Prince Ribbit
  6438 | D:6      | Reached skill level 5 in Shapeshifting
  6486 | D:6      | Reached skill level 5 in Fighting
  6508 | D:6      | Reached skill level 7 in Stealth
  6653 | D:7      | Reached XP level 9. HP: 47/47 MP: 10/10
  6677 | D:7      | HP: 2/70 [gnoll sergeant/+2 vampiric spear (5)]
  7306 | D:7      | Found a burning altar of Makhleb.
  7306 | D:7      | Noticed a cacodemon
  7341 | D:7      | Reached skill level 8 in Stealth
  7674 | D:6      | Killed Prince Ribbit
  8322 | D:8      | Found an ornate altar of the Wu Jian Council.
  8559 | D:8      | Found an ornate altar of the Wu Jian Council.
  8570 | D:8      | Reached skill level 9 in Stealth
  8822 | D:8      | Reached skill level 10 in Unarmed Combat
  9110 | D:8      | Found a glowing silver altar of Zin.
  9340 | D:9      | Reached XP level 10. HP: 27/53 MP: 6/11
  9520 | D:9      | Reached ***** piety under Ashenzari
  9520 | D:9      | Reached ****** piety under Ashenzari
  9996 | D:8      | Reached skill level 5 in Dodging
 10438 | D:9      | Found the +11 Singing Sword {sonic wave}
 10718 | D:10     | Entered Level 10 of the Dungeon
 10718 | D:10     | Noticed Urug
 10719 | D:10     | Killed Urug
 10720 | D:10     | Reached skill level 10 in Stealth
 10948 | D:10     | Found a shimmering altar of Xom.
 10974 | D:10     | Reached skill level 1 in Evocations
 11193 | D:10     | Identified the ring of Naod {*Slow rElec Will+ Dex+8
                  | Stlth+}
 11496 | D:11     | Noticed a cyclops
 11504 | D:11     | Killed a cyclops
 11505 | D:11     | Reached XP level 11. HP: 58/58 MP: 12/12
 11562 | D:11     | Noticed a boulder beetle
 11576 | D:11     | Killed a boulder beetle
 11639 | D:11     | Noticed an orc knight
 11708 | D:11     | Killed an orc knight
 11709 | D:11     | Found a staircase to the Orcish Mines.
 11885 | D:11     | Found Jaarph's Armour Shop.
 11916 | D:11     | Identified the +3 falchion "Gunaurch" {freeze, +Blink rF+}
 12260 | D:11     | Found a staircase to the Lair.
 12488 | D:11     | Noticed Snorg
 12512 | D:11     | Killed Snorg
 12513 | D:11     | Reached skill level 11 in Stealth
 12983 | D:11     | Noticed a boulder beetle
 13010 | D:11     | Killed a boulder beetle
 13057 | Orc:1    | Entered Level 1 of the Orcish Mines
 13069 | Orc:1    | Noticed an ettin
 13142 | D:11     | Killed an ettin
 13336 | Orc:1    | Noticed an orc knight
 13488 | D:11     | Killed an orc knight
 13741 | Orc:1    | Noticed an orc sorcerer
 13753 | Orc:1    | Killed an orc sorcerer
 14270 | Orc:2    | Entered Level 2 of the Orcish Mines
 14422 | Orc:2    | Reached skill level 12 in Stealth
 14422 | Orc:2    | Gained mutation: Your thick and shaggy fur keeps you warm.
                  | (AC +3, rC+) [Felid growth]
 14422 | Orc:2    | Reached XP level 12. HP: 54/65 MP: 11/13
 15004 | Orc:2    | Reached skill level 13 in Stealth
 15406 | Orc:2    | Found a staircase to the Elven Halls.
 15660 | Orc:2    | Noticed a two-headed ogre
 15663 | Orc:2    | Killed a two-headed ogre
 15666 | Orc:2    | Noticed a stone giant
 15667 | Orc:2    | Found Axzau's Weapon Shoppe.
 15668 | Orc:2    | Noticed an orc high priest
 15669 | Orc:2    | Found Heuloajo's Antique Weapon Shoppe.
 16084 | Orc:2    | Slain by a stone giant
 16242 | Orc:2    | Killed a stone giant
 16704 | Orc:2    | Killed an orc high priest
 16838 | Orc:2    | Found Ujaitz's Book Shop.
 16871 | Orc:2    | Found Putanuxt's Magic Scroll Shoppe.
 16890 | Orc:2    | Bought a scroll of blinking for 105 gold pieces
 16890 | Orc:2    | Bought a scroll of teleportation for 42 gold pieces
 17173 | D:12     | Noticed Jorgrun
 17182 | D:12     | Reached skill level 14 in Stealth
 17190 | D:12     | HP: 3/65 [constriction (10)]
 17191 | D:12     | Killed from afar by Jorgrun
 17198 | D:12     | Noticed a boulder beetle
 17209 | D:12     | Killed a boulder beetle
 17213 | D:12     | Reached XP level 13. HP: 67/69 MP: 12/14
 17235 | D:12     | HP: 1/69 [Jorgrun/iron shot (35)]
 17237 | D:12     | Killed from afar by Jorgrun
 17262 | D:12     | Mangled by a slime creature

Illustrated notes

Levels and vault maps discovered:
D:1:      dpeg_arrival_solitude, layout_basic, chequers_jeans,
          chequers_serial_rivers_small_3
D:2:      layout_basic
D:3:      layout_loops_ring, mainiacjoe_sewer_entry_somewhere_in_here_2,
          grunt_ministairs_13
D:4:      layout_basic, slow_altar_2, lemuel_crystal_altar,
          minmay_temple_entry_gardened_gates
D:5:      layout_cave_pods, mainiacjoe_overflow_tiny_flanked,
          grunt_decor_fettered
D:6:      layout_cave_pools, grunt_ministairs_12, nicolae_the_louvre,
          uniq_jeremiah, uniq_prince_ribbit1, uniq_grinder
D:7:      hellmonk_crumbling_castle, layout_loops_cross,
          makhleb_altar_promises_db, minmay_misc_feat_four_crosses
D:8:      layout_loops_ring, mainiacjoe_overflow_alcove_1,
          nicolae_wu_jian_wuxing_cycle, corexii_hall_statues_t,
          kennysheep_diamond
D:9:      old_forge, layout_small_grid
D:10:     layout_roguey, mainiacjoe_overflow_catwalk, uniq_urug
D:11:     layout_stronghold, erik_lair_dragon, orc_david_3,
          kennysheep_generic_room_9, uniq_snorg
D:12:     layout_basic, uniq_jorgrun
Temple:   hellmonk_temple_of_storms
Orc:1:    layout_caves
Orc:2:    hellmonk_orc_salted, layout_diamond_mine

Skill      XL: |  1  2  3  4  5  6  7  8  9 10 11 12 |
---------------+-------------------------------------+-----
Shapeshifting  | 3 4 5 6 8 |  8.6
Unarmed Combat | 4 5 6 8 10 11 12 13 | 13.7
Stealth        | 1 2 3 4 5 7 9 10 12 14 | 14.1
Fighting       | 2 3 5 6 7 8 |  8.3
Dodging        | 4 6 8 9 |  9.3
Evocations     | 2 3 |  3.5

Action                     |  1- 3 |  4- 6 |  7- 9 | 10-12 | 13-15 || total
---------------------------+-------+-------+-------+-------+-------++-------
  Melee: Unarmed           |    93 |   232 |   262 |   693 |    26 ||  1306
         Bite              |    15 |    18 |    35 |   104 |     6 ||   178
         Punch             |     2 |     4 |    19 |    16 |     2 ||    43
 Invoke: Curse Item        |       |       |     2 |     2 |       ||     4
         Shatter the Chain |       |       |       |     1 |       ||     1
  Evoke: Wand              |       |       |     6 |    12 |       ||    18
    Use: Scroll            |     5 |     1 |     2 |     6 |       ||    14
         Potion            |       |       |     6 |     5 |       ||    11
   Stab: Sleeping          |     4 |    15 |    12 |    12 |       ||    43
         Distracted        |       |       |     1 |     2 |       ||     3
 Armour: Skin              |    27 |    84 |    97 |   206 |    14 ||   428
  Dodge: Dodged            |    60 |   189 |   201 |   679 |    31 ||  1160
   Form: Flux              |       |       |       |     1 |       ||     1
         Blade             |       |       |       |     1 |       ||     1

Table legend: (Time is in decaauts)
 A = Elapsed time spent in this place.
 B = Non-inter-level travel time spent in this place.
 C = Inter-level travel time spent in this place.
 D = Time resting spent in this place.
 E = Time spent auto-exploring this place.
 F = Levels seen in this place.
 G = Mean time per level.
                   A        B        C        D        E       F      G
               +--------+--------+--------+--------+--------+-----+--------+
         Total |  17143 |  16158 |    985 |   4704 |   7722 |  16 | 1071.4 |
       Dungeon |  12502 |  11620 |    882 |   2535 |   6594 |  12 | 1041.8 |
        Temple |     14 |      2 |     12 |      0 |      0 |   1 |   14.0 |
  Orcish Mines |   3387 |   3296 |     91 |   1399 |   1066 |   2 | 1693.5 |
         Sewer |   1238 |   1238 |      0 |    770 |     61 |   1 | 1238.0 |
               +--------+--------+--------+--------+--------+-----+--------+

Top non-repeatable levels by time:
   Orc:2: 2300 daAuts
    D:11: 2182 daAuts
     D:8: 1346 daAuts
     D:5: 1259 daAuts
     D:7: 1253 daAuts
   Sewer: 1238 daAuts
     D:4: 1129 daAuts
     D:9: 1123 daAuts
   Orc:1: 1087 daAuts
     D:1: 968 daAuts
     D:2: 947 daAuts
    D:10: 759 daAuts
     D:6: 743 daAuts
     D:3: 693 daAuts
    D:12: 94 daAuts
